[Event "Tatry Open 2018"]
[Site "Tatranska Lomnica"]
[Date "2018.09.30"]
[Round "1"]
[White "Gettler, Daniel"]
[Black "Matras, Ondrej"]
[Result "1/2-1/2"]
[ECO "A25"]
[WhiteElo "2024"]
[BlackElo "2224"]
[Annotator "ChessBase"]
[PlyCount "102"]
[EventDate "2018.09.30"]
[EventType "swiss"]
[EventCountry "SVK"]
[SourceTitle "playchess.com"]
[Source "ChessBase"]
[SourceQuality "1"]
[TimeControl "40/5400+30:1800+30"]

1. c4 e5 2. Nc3 Nc6 3. g3 f5 4. Bg2 Nf6 5. e3 Bb4 6. Nge2 O-O 7. a3 Be7 8. d4 d6 9. b4 Qe8 10. O-O Qh5 11. Nd5 Bd8 12. Bb2 exd4 13. Nxd4 Qxd1 14. Rfxd1 Nxd4 15. Nxf6+ Bxf6 16. Bxd4 g6 17. Rac1 Bxd4 18. Rxd4 Rb8 19. h4 Be6 20. Bd5 Kf7 21. Kf1 Rfd8 22. Ke2 Ke7 23. Bxe6 Kxe6 24. e4 fxe4 25. Rxe4+ Kd7 26. Kd3 Re8 27. Rce1 Rxe4 28. Rxe4 Rf8 29. Ke3 Rf6 30. f3 c6 31. g4 a6 32. Rd4 b5 33. f4 Re6+ 34. Kf3 Re1 35. f5 gxf5 36. gxf5 Ra1 37. cxb5 Rxa3+ 38. Kg4 axb5 39. Kg5 Rc3 40. Re4 d5 41. Re6 d4 42. Re4 d3 43. Rd4+ Ke8 44. h5 Rb3 45. Kf6 d2 46. h6 Rxb4 47. Rxd2 Rh4 48. Kg7 Rg4+ 49. Kf6 Rh4 50. Kg7 Rg4+ 51. Kf6 Rh4 1/2-1/2

[Event "Tatry Open 2018"]
[Site "Tatranska Lomnica"]
[Date "2018.10.01"]
[Round "2"]
[White "Berezjuk, Sergej"]
[Black "Sosovicka, Jakub"]
[Result "1-0"]
[ECO "A06"]
[WhiteElo "2427"]
[BlackElo "2140"]
[Annotator "ChessBase"]
[PlyCount "63"]
[EventDate "2018.09.30"]
[EventType "swiss"]
[EventCountry "SVK"]
[SourceTitle "playchess.com"]
[Source "ChessBase"]
[SourceQuality "1"]
[TimeControl "40/5400+30:1800+30"]

1. Nf3 d5 2. e3 Nf6 3. c4 e6 4. b3 Be7 5. Bb2 O-O 6. Nc3 b6 7. Be2 Bb7 8. O-O c5 9. cxd5 Nxd5 10. d4 Nd7 11. Bd3 cxd4 12. Nxd5 Bxd5 13. Nxd4 Nc5 14. Bb5 Rc8 15. b4 Ne4 16. Ba6 Rc7 17. a3 Bf6 18. Rc1 Nd6 19. Qe2 Rxc1 20. Rxc1 Qa8 21. f3 Bb7 22. Bd3 Rc8 23. Rd1 Bd5 24. a4 Bc4 25. b5 Bxd3 26. Qxd3 Nc4 27. Ba1 Qd5 28. Nc6 Qc5 29. Bxf6 gxf6 30. Rc1 Ne5 31. Rxc5 Nxd3 32. Rc3 1-0

[Event "Tatry Open 2018"]
[Site "Tatranska Lomnica"]
[Date "2018.10.01"]
[Round "2"]
[White "Jablonicky, Martin"]
[Black "Dzikowski, Michal"]
[Result "1/2-1/2"]
[ECO "A05"]
[WhiteElo "2346"]
[BlackElo "2126"]
[Annotator "NA"]
[PlyCount "127"]
[EventDate "2018.09.30"]
[EventType "swiss"]
[EventCountry "SVK"]
[SourceTitle "playchess.com"]
[Source "ChessBase"]
[SourceQuality "1"]
[TimeControl "40/5400+30:1800+30"]

1. Nf3 Nf6 2. c4 e6 3. Nc3 d5 4. e3 Be7 5. b3 O-O 6. Bb2 c5 7. cxd5 exd5 8. d4 Nc6 9. Be2 Be6 10. dxc5 Bxc5 11. O-O Qe7 12. Rc1 Rfd8 {[%emt 0:02:21] D32: Tarrasch Defence: Sidelines and lines without g3} (12... Rac8 13. Nb5 Ne4 14. Nfd4 Nxd4 15. Nxd4 Ba3 16. Rxc8 Rxc8 17. Qa1 Bxb2 18. Qxb2 Qc5 19. Bd3 Qc3 20. Qxc3 Rxc3 21. Rd1 Kf8 {½-½ (49) Georgiev,V (2540)-Strohhaeker,R (2391) Neuhausen 2007}) 13. Na4 Bd6 14. Nd4 Rac8 15. Nxc6 $146 ({Predecessor:} 15. Nb5 Bb8 16. Ba3 Qe8 17. Nc5 a6 18. Nd4 Nxd4 19. Qxd4 Ba7 20. Qh4 {½-½ (64) Cvetkovic,S (2385)-Bjork,C Prague 1979}) 15... bxc6 16. Ba6 Rc7 17. Bxf6 Qxf6 18. Nc5 Qe5 19. g3 Bh3 20. Re1 Re8 21. Qd4 Qe7 22. f4 h5 23. e4 f6 24. Kf2 Bxc5 (24... Qf7 $1 $11) 25. Rxc5 Bg4 (25... Bf5 $5) 26. e5 fxe5 27. Rxe5 Qf7 28. Rxe8+ Qxe8 29. Rc3 Re7 30. Re3 Rxe3 31. Qxe3 Qxe3+ 32. Kxe3 c5 $1 33. Bb7 d4+ 34. Ke4 Kf8 35. Ba6 Be6 36. Ke5 Ke7 37. f5 Bf7 38. Bd3 a5 39. h3 Bg8 40. g4 hxg4 $1 41. hxg4 a4 (41... Kd7 $11 {remains equal.}) 42. bxa4 Bxa2 43. a5 (43. Bb5 $16 Kd8 44. g5) 43... Kd7 $2 (43... c4 $11 44. Be4 d3) 44. Be4 Kc7 45. g5 Bc4 $14 46. g6 d3 47. f6 gxf6+ 48. Kxf6 d2 49. Bf3 Bd5 50. Bd1 Kb7 51. Ke5 Bg8 52. Kd6 Ka6 53. Kxc5 Kxa5 54. g7 Ka6 55. Bf3 Ka5 56. Be2 Bf7 57. Bh5 Bg8 58. Be2 Bf7 59. Kd4 Kb6 60. Kc3 Kc5 61. Kxd2 Kd4 62. Bd3 Ke5 63. Bh7 Kf6 64. g8=B 1/2-1/2

[Event "Tatry Open 2018"]
[Site "Tatranska Lomnica"]
[Date "2018.10.01"]
[Round "2"]
[White "Vyskocil, Neklan"]
[Black "Valenta, Vit"]
[Result "1/2-1/2"]
[ECO "C50"]
[WhiteElo "2315"]
[BlackElo "2147"]
[Annotator "NA"]
[PlyCount "91"]
[EventDate "2018.09.30"]
[EventType "swiss"]
[EventCountry "SVK"]
[SourceTitle "playchess.com"]
[Source "ChessBase"]
[SourceQuality "1"]
[TimeControl "40/5400+30:1800+30"]

1. e4 e5 2. Nf3 Nc6 3. Bc4 Be7 4. d4 d6 5. h3 Nf6 6. Nc3 O-O 7. O-O h6 8. Re1 a6 {[%emt 0:03:09] C50: Hungarian Defence and Giuoco Pianissimo} 9. a3 (9. a4 Re8 10. dxe5 Nxe5 11. Bb3 Bf8 12. Bf4 Ng6 13. Bh2 Be6 14. Bxe6 Rxe6 15. Nd4 Re8 16. f4 {1-0 (44) Xu,Y (2356)-Wang,R (2403) China 2015}) 9... Re8 10. Ba2 $146 ({Predecessor:} 10. b4 exd4 11. Nxd4 Nxe4 12. Bb3 Ng5 13. Bb2 {0-1 (13) Nunes Filho,M (1860)-Ibanez,J (1612) Caioba 2017}) 10... Bf8 11. Qd3 b5 12. dxe5 dxe5 13. Nd5 Nb8 14. Bd2 c6 15. Nxf6+ Qxf6 16. Bc3 Nd7 17. Qe2 Bd6 18. Rad1 Bc7 19. Nh2 Nc5 20. Bd2 Qg6 21. Qf3 Ne6 22. c3 Nc5 23. Nf1 Be6 24. Bxe6 Qxe6 25. Ng3 Rad8 26. Bc1 Kh7 27. Rxd8 Rxd8 28. Rd1 Rxd1+ 29. Qxd1 Qd6 30. Qf3 Qe6 31. Nf5 Bd8 32. Kh2 Qc4 33. Ng3 Nd3 {[%emt 0:00:52] [#]} (33... g6 $11) 34. Be3 (34. b3 $1 $14 Qxc3 (34... Qxb3 35. Qxd3) 35. Qf5+ Kg8 {[#]} 36. Bxh6 $1 Nxf2 37. Bxg7 Kxg7 38. Qxf2) 34... Nxb2 35. Qf5+ g6 $1 36. Qxe5 Qe6 37. Qb8 Bf6 38. Bd4 $1 c5 39. Bxc5 Bxc3 40. Bd6 Nc4 41. Bf4 Be5 (41... Nxa3 $19 42. Qf8 Nc4 43. Qxh6+ Kg8) 42. Bxe5 Nxe5 (42... Qxe5 $17 43. Qf8 Qf4) 43. f4 $1 Nc4 44. e5 Qd5 ({Avoid the trap} 44... Nxa3 $2 45. Ne4 $18) 45. Qf8 $11 Ne3 46. Ne4 1/2-1/2

[Event "Tatry Open 2018"]
[Site "Tatranska Lomnica"]
[Date "2018.10.01"]
[Round "2"]
[White "Matras, Ondrej"]
[Black "Jurcisin, Imrich"]
[Result "1-0"]
[ECO "A52"]
[WhiteElo "2224"]
[BlackElo "1976"]
[Annotator "ChessBase"]
[PlyCount "75"]
[EventDate "2018.09.30"]
[EventType "swiss"]
[EventCountry "SVK"]
[SourceTitle "playchess.com"]
[Source "ChessBase"]
[SourceQuality "1"]
[TimeControl "40/5400+30:1800+30"]

1. d4 Nf6 2. c4 e5 3. dxe5 Ng4 4. Bf4 Nc6 5. Nf3 Bb4+ 6. Nbd2 Qe7 7. e3 Ngxe5 8. Nxe5 Nxe5 9. Be2 a5 10. O-O Ra6 11. Nb3 a4 12. Nd4 Bc5 13. Nf5 Qf6 14. Ng3 Qe6 15. Qd5 d6 16. Ne4 Ra5 17. Qd2 Bb6 18. Qc3 Ng6 19. Bd3 O-O 20. Bg3 Rh5 21. Qc2 Bd7 22. Nc3 Ne5 23. Be2 Ng4 24. Bxg4 Qxg4 25. Nxa4 Ba5 26. Rad1 Ra8 27. Rd4 Qe6 28. a3 Ra6 29. Nc3 Rc6 30. b4 Bb6 31. Re4 Qg6 32. Qd1 Be6 33. c5 Ba7 34. Rd4 h6 35. Nb5 Ra6 36. Nxc7 Rxa3 37. Nxe6 Qxe6 38. Qxh5 1-0

[Event "Tatry Open 2018"]
[Site "Tatranska Lomnica"]
[Date "2018.10.01"]
[Round "2"]
[White "Macko, Michal"]
[Black "Czajkowski, Ryszard"]
[Result "1/2-1/2"]
[ECO "A15"]
[WhiteElo "2187"]
[BlackElo "2032"]
[Annotator "ChessBase"]
[PlyCount "83"]
[EventDate "2018.09.30"]
[EventType "swiss"]
[EventCountry "SVK"]
[SourceTitle "playchess.com"]
[Source "ChessBase"]
[SourceQuality "1"]
[TimeControl "40/5400+30:1800+30"]

1. c4 Nf6 2. g3 d5 3. cxd5 Nxd5 4. Bg2 Nc6 5. Nf3 g6 6. Nc3 Nxc3 7. bxc3 Bg7 8. Qb3 O-O 9. h4 Rb8 10. h5 e5 11. hxg6 hxg6 12. d3 Be6 13. Qc2 Qd7 14. Ng5 Rfe8 15. Ne4 Bf5 16. Bg5 Bxe4 17. Bxe4 Nd8 18. Rb1 Ne6 19. Be3 b6 20. Qb3 Nc5 21. Bxc5 bxc5 22. Qxb8 Rxb8 23. Rxb8+ Bf8 24. O-O Kg7 25. Ra8 Qa4 26. Bd5 e4 27. Bb3 Qa6 28. Bc4 Qa4 29. Rd8 Bd6 30. Kg2 Qc6 31. f3 exd3 32. exd3 Be7 33. Rb8 Qf6 34. f4 Qxc3 35. Rb7 Bd6 36. Rxa7 Qd2+ 37. Rf2 Qe3 38. Ra4 g5 39. Bb5 c4 40. Rxc4 Qxd3 41. a4 Qd5+ 42. Kh2 1/2-1/2

[Event "Tatry Open 2018"]
[Site "Tatranska Lomnica"]
[Date "2018.10.01"]
[Round "2"]
[White "Weber, Samuel"]
[Black "Zylka, Stanislaw"]
[Result "1/2-1/2"]
[ECO "A06"]
[WhiteElo "2141"]
[BlackElo "2327"]
[Annotator "NA"]
[PlyCount "156"]
[EventDate "2018.09.30"]
[EventType "swiss"]
[EventCountry "SVK"]
[SourceTitle "playchess.com"]
[Source "ChessBase"]
[SourceQuality "1"]
[TimeControl "40/5400+30:1800+30"]

1. Nf3 d5 2. g3 Nf6 3. Bg2 g6 4. O-O Bg7 5. d3 O-O 6. Nbd2 Nc6 7. e4 e5 8. c3 Re8 9. Re1 h6 10. a4 a5 11. exd5 Nxd5 12. Nc4 Bf5 13. Nh4 $146 {[%emt 0:17:56] A07: Réti Opening: New York and Capablanca Systems} ({Predecessor:} 13. h3 Nb6 14. Nxb6 cxb6 15. Be3 Bxd3 16. Bxb6 Qxb6 17. Qxd3 Qxb2 18. Rab1 e4 19. Rxe4 Qxc3 20. Rxe8+ Rxe8 21. Qxc3 Bxc3 22. Rxb7 Ne5 23. Nxe5 Rxe5 24. Bf1 {½-½ (26) Kramnik,V (2783)-Anand,V (2797) Zuerich 2015}) 13... Be6 14. Be3 Qd7 15. Qb3 b6 16. Rad1 Rad8 17. Nf3 Nxe3 18. Rxe3 Bd5 19. Qb5 f6 20. d4 e4 21. Nfd2 f5 22. f3 {[%emt 0:04:00] [#]} Qc8 $2 (22... Nxd4 $1 $11 {[%mdl 512] and Black has nothing to worry.} 23. Qxd7 (23. cxd4 Bc6) 23... Rxd7 24. cxd4 Bxd4 25. Nxe4 Bxe4 26. fxe4 Bxe3+ 27. Nxe3 Rxd1+ 28. Nxd1 fxe4) 23. fxe4 Bxd4 24. exd5 Rxe3 {[%emt 0:00:19] [#]} (24... Na7 $16 {was necessary.} 25. Qxe8+ Rxe8 26. cxd4 Rxe3 27. Nxe3 Qe8) 25. Nxe3 ({White must play} 25. Kh1 $1 $16 Na7 26. Qb3) 25... Bxe3+ 26. Kh1 Ne5 27. Nc4 Nxc4 28. Qxc4 Kg7 29. Re1 Bc5 30. b4 axb4 (30... Bd6 $11) 31. cxb4 Bd6 32. Qd4+ Kh7 33. Re6 Qd7 34. b5 Qg7 35. Qxg7+ $1 Kxg7 36. Bf3 Ra8 37. Bd1 h5 38. Kg2 Kf7 39. Bc2 Re8 40. Rxe8 Kxe8 41. Kf3 Kf7 42. h3 Kf6 43. Kg2 Kg5 44. h4+ Kf6 45. Kf3 Ke5 46. Bb3 Kd4 47. Bc2 Kc3 48. Bd1 $1 Kb2 49. Be2 Kc2 50. Bc4 Kd2 51. Bb3 Kc1 52. Bc4 Kc2 53. Be2 Kc3 54. Bd1 Kc4 55. Bc2 Kd4 56. Bd1 Kd3 57. Be2+ Kc3 58. Bd1 Kc4 59. Bc2 Kxd5 60. Bb3+ Ke5 61. Bf7 Kf6 62. Be8 Bb4 63. Bc6 Bd2 64. Be8 $15 f4 65. g4 hxg4+ 66. Kxg4 Be1 67. h5 gxh5+ 68. Bxh5 Ke5 69. Kf3 Bb4 70. Be8 Bd6 71. Bc6 Kd4 72. Kg4 Ke3 73. Bf3 Kf2 74. Bc6 Ke2 75. Bf3+ Kd2 76. Bc6 Kc3 77. Bf3 Kb4 78. Bd1 Ka3 1/2-1/2

[Event "Tatry Open 2018"]
[Site "Tatranska Lomnica"]
[Date "2018.10.01"]
[Round "2"]
[White "Kolesar, Milan"]
[Black "Malik, Jan"]
[Result "1/2-1/2"]
[ECO "D10"]
[WhiteElo "2133"]
[BlackElo "2300"]
[Annotator "ChessBase"]
[PlyCount "50"]
[EventDate "2018.09.30"]
[EventType "swiss"]
[EventCountry "SVK"]
[SourceTitle "playchess.com"]
[Source "ChessBase"]
[SourceQuality "1"]
[TimeControl "40/5400+30:1800+30"]

1. Nf3 d5 2. d4 Nf6 3. c4 c6 4. cxd5 cxd5 5. Nc3 Nc6 6. Bf4 a6 7. e3 Bf5 8. Ne5 Rc8 9. Qb3 b5 10. Nxc6 Rxc6 11. Be2 Ne4 12. Bd3 Qa5 13. Bxe4 dxe4 14. O-O e6 15. a3 Be7 16. Rac1 Rc4 17. Ne2 Rxc1 18. Rxc1 O-O 19. h3 Bg6 20. Ng3 h5 21. Bc7 Qa4 22. Qxa4 bxa4 23. Ne2 f6 24. Bg3 Be8 25. Rc7 Bd8 1/2-1/2

[Event "Tatry Open 2018"]
[Site "Tatranska Lomnica"]
[Date "2018.10.01"]
[Round "2"]
[White "Janos, Ivan"]
[Black "Kostolansky, Sebastian Lukas"]
[Result "0-1"]
[ECO "C02"]
[WhiteElo "2109"]
[BlackElo "2209"]
[Annotator "ChessBase"]
[PlyCount "60"]
[EventDate "2018.09.30"]
[EventType "swiss"]
[EventCountry "SVK"]
[SourceTitle "playchess.com"]
[Source "ChessBase"]
[SourceQuality "1"]
[TimeControl "40/5400+30:1800+30"]

1. e4 e6 2. d4 d5 3. e5 c5 4. c3 Nc6 5. Nf3 Qb6 6. a3 a5 7. Bd3 Nh6 8. O-O Nf5 9. dxc5 Bxc5 10. Nbd2 O-O 11. b4 axb4 12. cxb4 Bd4 13. Nxd4 Qxd4 14. Nb3 Qxe5 15. Rb1 Nh4 16. f4 Qf6 17. Bb2 Qh6 18. Rc1 e5 19. fxe5 Nxe5 20. Qe2 Nxd3 21. Qxd3 Bf5 22. Qg3 Be4 23. Nc5 Bxg2 24. Rf6 Ng6 25. Rxg6 fxg6 26. Qxg2 Qe3+ 27. Kh1 Rf2 28. Qxd5+ Kh8 29. Rd1 Raf8 30. Qe5 Qf3+ {Qd5 Qe3 Qd3 Qe8 Bd4 Qc6+ Qe4} 0-1

[Event "Tatry Open 2018"]
[Site "Tatranska Lomnica"]
[Date "2018.10.01"]
[Round "2"]
[White "Bochnickova, Andrea"]
[Black "Mrvova, Alena"]
[Result "1-0"]
[ECO "B28"]
[WhiteElo "2079"]
[BlackElo "2200"]
[Annotator "NA"]
[PlyCount "121"]
[EventDate "2018.09.30"]
[EventType "swiss"]
[EventCountry "SVK"]
[SourceTitle "playchess.com"]
[Source "ChessBase"]
[SourceQuality "1"]
[TimeControl "40/5400+30:1800+30"]

1. e4 c5 2. Nf3 a6 3. c4 g6 4. d4 Bg7 5. Nc3 cxd4 6. Nxd4 Nc6 7. Be3 d6 8. Be2 Nf6 9. f3 h5 10. Qd2 Ne5 {[%emt 0:01:42] B38: Sicilian: Maroczy Bind with 5...Bg7 and 7...0-0} (10... Bd7 11. O-O h4 12. Rac1 Nh5 13. Nd5 e6 14. Nxc6 Bxc6 15. Bb6 Bh6 16. Qc3 Bg7 17. Qe3 Bh6 18. Qf2 {1-0 (34) Kasparov,S (2450)-Schneider,J (1893) Arco 2017}) 11. O-O O-O 12. Rfc1 $146 ({Predecessor:} 12. h3 Bd7 13. f4 Nc6 14. Bf3 Rc8 15. b3 Qa5 16. Rad1 Rfe8 17. Nxc6 Bxc6 18. Nd5 Qxd2 19. Rxd2 Bxd5 20. exd5 {½-½ (66) Ilenko,A (1939)-Anastasiev,V (2046) Kemerovo 2011}) 12... e6 13. Kh1 Bd7 14. Rc2 Rc8 15. b3 Bc6 16. Rd1 Nh7 17. Nxc6 Rxc6 18. c5 Qb8 19. f4 ({Don't take} 19. cxd6 $6 Rd8 $14) 19... dxc5 20. fxe5 Bxe5 21. g3 Rd6 22. Qe1 Bd4 23. Bf4 e5 24. Bh6 Rfd8 25. Nd5 R8d7 26. Be3 $2 (26. h4 $18) 26... b5 $2 (26... Rxd5 $1 $14 27. exd5 Bxe3) 27. Bxd4 cxd4 28. Rdc1 Kg7 29. Rc8 Qb7 30. R1c7 (30. Bf3 $142) 30... Rxc7 31. Rxc7 Qb8 32. Qc1 Nf6 33. Nxf6 ({Don't do} 33. Rc8 $6 Qb7 $18) 33... Rxf6 34. Kg2 Qb6 35. Bd3 Qe6 (35... h4 $16 {is a better defense.} 36. Qc2 (36. gxh4 Rf4 $14) 36... Qe6) 36. Qg5 Qd6 37. Rc2 Re6 38. Qd2 Re7 39. b4 Qe6 40. Rc5 h4 41. Be2 Rd7 (41... hxg3 $16 42. Kxg3 (42. hxg3 Re8 $16) 42... Qd6) 42. g4 Qe7 43. Bd1 Rd6 44. Bb3 Rf6 45. h3 Rf4 46. Qe2 Qg5 47. Rd5 $2 ({White should play} 47. Bd5 $18) 47... Rf6 48. Qe1 Qf4 49. Bd1 Rc6 50. Qf2 $11 Qc1 51. Qf1 Qd2+ 52. Qe2 Qf4 53. Qf3 Qg5 54. Rc5 Rf6 55. Qd3 Rf4 56. Rc6 Qe7 57. a3 Qb7 58. Qc2 d3 59. Qc5 Rxe4 60. Bf3 Re1 61. Rxg6+ 1-0

[Event "Tatry Open 2018"]
[Site "Tatranska Lomnica"]
[Date "2018.10.01"]
[Round "2"]
[White "Kolman, Richard"]
[Black "Borsos, Bogdan"]
[Result "0-1"]
[ECO "D02"]
[WhiteElo "2016"]
[BlackElo "2266"]
[Annotator "ChessBase"]
[PlyCount "46"]
[EventDate "2018.09.30"]
[EventType "swiss"]
[EventCountry "SVK"]
[SourceTitle "playchess.com"]
[Source "ChessBase"]
[SourceQuality "1"]
[TimeControl "40/5400+30:1800+30"]

1. d4 d5 2. Nf3 c5 3. c3 e6 4. Bf4 Nf6 5. e3 Bd6 6. Bg3 O-O 7. Nbd2 Nc6 8. Bd3 b6 9. Ne5 Bb7 10. f4 Ne7 11. Bh4 Ne4 12. Qc2 f6 13. Bxe4 dxe4 14. Nec4 cxd4 15. Nxe4 Bc7 16. cxd4 Rc8 17. Nc3 Bxf4 18. Qb3 Bh6 19. Nd2 Qd7 20. Bf2 Nd5 21. Nd1 Qc6 22. Nf3 Ba6 23. Qa3 Qb5 0-1

[Event "Tatry Open 2018"]
[Site "Tatranska Lomnica"]
[Date "2018.10.01"]
[Round "3"]
[White "Borsos, Bogdan"]
[Black "Kolesar, Milan"]
[Result "0-1"]
[ECO "A05"]
[WhiteElo "2266"]
[BlackElo "2133"]
[Annotator "ChessBase"]
[PlyCount "120"]
[EventDate "2018.09.30"]
[EventType "swiss"]
[EventCountry "SVK"]
[SourceTitle "playchess.com"]
[Source "ChessBase"]
[SourceQuality "1"]
[TimeControl "40/5400+30:1800+30"]

1. Nf3 Nf6 2. c4 c6 3. g3 d5 4. Bg2 Bf5 5. O-O e6 6. d3 h6 7. Be3 Be7 8. Qb3 Qc8 9. Nc3 Nbd7 10. Rac1 dxc4 11. Qxc4 O-O 12. Nd4 Bg4 13. h3 Bh5 14. b4 a6 15. Qb3 Qd8 16. g4 Bg6 17. Na4 Nd5 18. Bd2 Bd6 19. Nc5 Rb8 20. f4 Qe7 21. Nxa6 Ra8 22. Nc5 Nxc5 23. bxc5 Bxc5 24. Qc4 Bxd4+ 25. Qxd4 Rxa2 26. Rfd1 Rd8 27. Qc4 Rda8 28. Rc2 Rxc2 29. Qxc2 f5 30. e4 Nf6 31. Bf3 Qa3 32. Kg2 Qa4 33. Qxa4 Rxa4 34. Bc3 fxe4 35. dxe4 Bxe4 36. Rd8+ Kf7 37. Bxe4 Rxe4 38. Kf3 Rc4 39. Be5 b5 40. h4 b4 41. h5 Rc1 42. Bd6 Rc3+ 43. Ke2 g6 44. Rf8+ Kg7 45. Rb8 Nxg4 46. Rxb4 gxh5 47. f5 Kf6 48. fxe6 Kxe6 49. Bf8 Kd5 50. Rf4 Rc2+ 51. Kd3 Rf2 52. Bxh6 Rxf4 53. Bxf4 h4 54. Ke2 Ke4 55. Bd6 h3 56. Kf1 Kd5 57. Ba3 c5 58. Bc1 Ke4 59. Kg1 c4 60. Bb2 {[%emt 0:00:00] Ke5} Kd3 0-1

[Event "Tatry Open 2018"]
[Site "Tatranska Lomnica"]
[Date "2018.10.01"]
[Round "3"]
[White "Michalicka, Milan"]
[Black "Dzikowski, Michal"]
[Result "1/2-1/2"]
[ECO "E01"]
[WhiteElo "2225"]
[BlackElo "2126"]
[Annotator "RC"]
[PlyCount "84"]
[EventDate "2018.09.30"]
[EventType "swiss"]
[EventCountry "SVK"]
[SourceTitle "playchess.com"]
[Source "ChessBase"]
[SourceQuality "1"]
[TimeControl "40/5400+30:1800+30"]

1. d4 Nf6 2. c4 e6 3. g3 d5 4. Bg2 Bb4+ 5. Bd2 Be7 6. Nf3 O-O 7. O-O c6 8. Qc2 Nbd7 9. Bf4 b6 10. Rd1 Bb7 11. Ne5 Nh5 12. Bc1 f5 13. cxd5 cxd5 14. Nc6 Qe8 15. Nxe7+ Qxe7 16. Nc3 a6 17. Qd2 Qf7 18. Bf3 Rac8 19. Qg5 Nhf6 20. h4 Ne4 21. Bxe4 fxe4 22. Rf1 h6 23. Qf4 e5 24. Qxf7+ Rxf7 25. Be3 b5 26. Rfc1 exd4 27. Bxd4 Nf8 28. e3 Ne6 29. Ne2 Rfc7 30. Be5 Rc4 31. Rxc4 dxc4 32. Rd1 Rd8 33. Rxd8+ Nxd8 34. Kf1 Ne6 35. Bd4 g6 36. Ke1 Kf7 37. Kd2 Nc7 38. a3 Nd5 39. Nc3 Nxc3 40. Kxc3 Ke6 41. Bg7 h5 42. Kd4 Kf5 {[%emt 0:02:41] Kxe4+ Ke5+} 1/2-1/2

[Event "Tatry Open 2018"]
[Site "Tatranska Lomnica"]
[Date "2018.10.01"]
[Round "3"]
[White "Bolacky, Jiri"]
[Black "Steiner, Bruno"]
[Result "0-1"]
[ECO "C45"]
[WhiteElo "2222"]
[BlackElo "2075"]
[Annotator "ChessBase"]
[PlyCount "150"]
[EventDate "2018.09.30"]
[EventType "swiss"]
[EventCountry "SVK"]
[SourceTitle "playchess.com"]
[Source "ChessBase"]
[SourceQuality "1"]
[TimeControl "40/5400+30:1800+30"]

1. e4 e5 2. Nf3 Nc6 3. d4 exd4 4. Nxd4 Nf6 5. Nxc6 bxc6 6. e5 Qe7 7. Qe2 Nd5 8. c4 Nb6 9. Nc3 Qe6 10. Bd2 a5 11. Qe4 g6 12. O-O-O Bb7 13. Qh4 Be7 14. Bg5 Qxe5 15. Bxe7 Qxe7 16. Qd4 O-O 17. h4 c5 18. Qf4 d6 19. h5 Nd7 20. Qh6 g5 21. Bd3 f6 22. Bf5 Nb6 23. Rde1 Qg7 24. Qxg7+ Kxg7 25. h6+ Kf7 26. b3 Rae8 27. f3 Rxe1+ 28. Rxe1 Bc8 29. Bd3 Nd7 30. Bxh7 Rh8 31. Bf5 Ne5 32. Bc2 Rxh6 33. Nb5 Rh2 34. Rg1 g4 35. f4 Nc6 36. Nxc7 Nd4 37. Bd1 g3 38. Nd5 Nf5 39. Bg4 Nd4 40. Bd1 Be6 41. Ne3 Bf5 42. Nf1 Rh4 43. Nxg3 Rxf4 44. Rf1 Rxf1 45. Nxf1 Ke6 46. Kd2 Ke5 47. Ne3 Be4 48. g3 f5 49. Kc3 Bh1 50. Kd3 Nc6 51. a3 Nd4 52. Nf1 Be4+ 53. Kc3 Ne6 54. Ne3 Bh1 55. Bc2 Nd4 56. Bd1 Ke4 57. Nd5 Bf3 58. Nf6+ Ke3 59. Bc2 Ne2+ 60. Kb2 Nxg3 61. b4 axb4 62. axb4 cxb4 63. Kb3 Be4 64. Bd1 Kd2 65. Nxe4+ Nxe4 66. Bh5 Ke3 67. Kxb4 f4 68. Bg4 f3 69. Bh3 f2 70. Bg2 Kd4 71. Kb5 Kc3 72. Bh3 Ng5 73. Bg2 Ne4 74. Bh3 Kd4 75. Bg2 Nd2 0-1

[Event "Tatry Open 2018"]
[Site "Tatranska Lomnica"]
[Date "2018.10.02"]
[Round "4"]
[White "Pniaczek, Marek"]
[Black "Vorisek, Jakub"]
[Result "1/2-1/2"]
[ECO "C03"]
[WhiteElo "2234"]
[BlackElo "2069"]
[Annotator "NA"]
[PlyCount "88"]
[EventDate "2018.09.30"]
[EventType "swiss"]
[EventCountry "SVK"]
[SourceTitle "playchess.com"]
[Source "ChessBase"]
[SourceQuality "1"]
[TimeControl "40/5400+30:1800+30"]

1. e4 e6 2. d4 d5 3. Nd2 a6 4. Ngf3 c5 5. exd5 exd5 6. dxc5 Bxc5 7. Nb3 Bb6 8. Bd3 Nf6 9. Qe2+ {[%emt 0:03:50] C08: French Tarrasch: 3...c5 4 exd5 exd5 sidelines} Qe7 10. Qxe7+ Kxe7 11. Bg5 Nc6 (11... h6 12. Bh4 Nc6 13. O-O-O g5 14. Bg3 Be6 15. Ne5 Nh5 16. Nxc6+ bxc6 {½-½ (52) Pavlidis,A (2539)-Piorun,K (2651) Katowice 2017}) 12. O-O Be6 $146 ({Predecessor:} 12... h6 13. Rfe1+ Be6 14. Be3 Bc7 15. c3 Rhe8 16. h3 Kf8 {1-0 (74) Stabernack,J (1818)-Schmidt,M (1982) Neustadt an der Weinstrasse 2012}) 13. Rfe1 Rhe8 14. c3 Rad8 15. Be3 Bxe3 16. Rxe3 Kd6 17. Nbd4 Nxd4 18. Nxd4 g6 19. f3 Bd7 20. Kf2 Rxe3 21. Kxe3 Re8+ 22. Kd2 Nh5 23. g3 Ng7 24. b4 Ne6 25. Nb3 Ng5 26. Rf1 f6 27. Nc5 Bc6 28. h4 Ne6 29. Nb3 Nc7 {[%emt 0:01:58] [#]} 30. h5 $1 Bb5 31. hxg6 hxg6 32. Rh1 Bxd3 33. Kxd3 Nb5 {[%emt 0:00:32] [#]} 34. Nc5 (34. Rh7 $1 $16) 34... b6 35. Nb3 Rc8 36. Rc1 Na3 37. Nd4 Re8 38. Rh1 Nc4 39. Rh6 Re1 40. g4 Rg1 41. Rh2 Rd1+ 42. Kc2 Ne3+ 43. Kb2 Nc4+ $11 44. Kc2 Ke5 1/2-1/2

[Event "Tatry Open 2018"]
[Site "Tatranska Lomnica"]
[Date "2018.10.02"]
[Round "4"]
[White "Matras, Ondrej"]
[Black "Mandak, Miroslav"]
[Result "1-0"]
[ECO "A40"]
[WhiteElo "2224"]
[BlackElo "1997"]
[Annotator "NA"]
[PlyCount "73"]
[EventDate "2018.09.30"]
[EventType "swiss"]
[EventCountry "SVK"]
[SourceTitle "playchess.com"]
[Source "ChessBase"]
[SourceQuality "1"]
[TimeControl "40/5400+30:1800+30"]

1. d4 e6 2. Nf3 c5 3. e3 Nf6 4. c4 Qc7 5. Nc3 a6 6. Bd3 {[%emt 0:04:13] E10: Blumenfeld Gambit} (6. Be2 b6 7. O-O Bb7 8. d5 exd5 9. Nxd5 Nxd5 10. cxd5 Be7 11. e4 d6 12. Bf4 Nd7 13. Qc2 O-O {½-½ (54) Malisauskas,V (2428)-Meskovs,N (2493) Vilnius 2015}) 6... d6 7. O-O g6 8. b3 Bg7 9. Bb2 O-O 10. Re1 $146 ({Predecessor:} 10. Qe2 b6 11. dxc5 bxc5 {½-½ (57) Hernandez Delgado,G (1976)-Buil Rello,J (1955) Spain 2011}) 10... b6 11. Ng5 Bb7 12. f3 Nc6 13. Nce4 Ne8 14. Bf1 Qe7 15. Nh3 Nc7 (15... cxd4 $17 16. exd4 Nc7) 16. Qd2 (16. dxc5 $1 $11 dxc5 17. Bxg7 Kxg7 18. Qc2) 16... Rad8 17. Qf2 e5 18. d5 Nb8 19. g4 Bc8 20. Ng3 Ne8 21. Qg2 Kh8 22. Kh1 Nd7 23. Nf2 Qh4 24. Bd3 Nb8 25. Rg1 f5 (25... b5 $16) 26. gxf5 gxf5 27. f4 Qh6 28. Nh3 e4 {[%emt 0:01:38] [#]} 29. Nh5 $1 Bxb2 $2 (29... Rd7) 30. Qxb2+ Nf6 31. Be2 Bd7 32. Rg5 Be8 33. Rag1 Nbd7 34. Rxf5 Bg6 35. Rfg5 Rde8 36. Nf2 Re7 37. Ng4 $18 1-0